I.Hope.I.Win. (
red | 67 APM | 2314 actions | 34:18)
5 Far Seer
2 Feral Spirit
3 Chain Lighting
6 Tauren Chieftain
3 Shockwave
3 Endurance Aura
6 Pandaren Brewmaster
3 Breath of Fire
2 Drunken Brawler
1 Storm Earth and Fire
» actions
| Assign group hotkey | 27 | |
| Basic commands | 35 | |
| Build / train | 98 | |
| Enter build submenu | 12 | |
| Enter hero's abilities submenu | 18 | |
| Give item / drop item | 21 | |
| Remove unit from queue | 1 | |
| Right click | 850 | |
| Select / deselect | 334 | |
| Select group hotkey | 740 | |
| Use ability | 178 | |
2314 total
» units
» upgrades
| Spiked Barricades | 2 | |
| Armor | 1 | |
| Ranged Weapons | 1 | |
| Melee Weapons | 1 | |
| Reinforced Defenses | 1 | |
6 total
» buildings
| Altar of Storms | 1 | |
| Orc Burrow | 2 | |
| War Mill | 1 | |
| Voodoo Lounge | 1 | |
| Watch Tower | 5 | |
| Stronghold | 1 | |
| Fortress | 1 | |
| Great Hall | 1 | |
13 total
» build order
00:18 Altar of Storms
00:24 Orc Burrow
00:49 War Mill
01:11 Voodoo Lounge
02:06 Orc Burrow
02:14 Watch Tower
02:55 Stronghold
05:20 Fortress
23:45 Great Hall
23:50 Watch Tower
23:52 Watch Tower
23:53 Watch Tower
23:55 Watch Tower
» items
| Healing Salve | 10 | |
| Lesser Clarity Potion | 7 | |
| Potion of Healing | 12 | |
| Orb of Lightning | 3 | |
| Potion of Mana | 8 | |
| Scroll of Healing | 8 | |
| Potion of Lesser Invulnerability | 6 | |
| Boots of Speed | 3 | |
| Staff of Teleportation | 1 | |
| Scroll of Protection | 1 | |
59 total